[Event "Turkish Super League 2019"]
[Site "Konya"]
[Date "2019.07.17"]
[Round "1"]
[White "Dordzhieva, Dinara"]
[Black "Mammadzada, Gunay"]
[Result "1/2-1/2"]
[ECO "B52"]
[WhiteElo "2306"]
[BlackElo "2427"]
[Annotator "NA"]
[PlyCount "100"]
[EventDate "2019.07.17"]
[EventType "team-tourn"]
[EventCountry "TUR"]
[SourceTitle "playchess.com"]
[Source "ChessBase"]
[SourceQuality "1"]
[TimeControl "40/5400+30:1800+30"]

1. e4 c5 2. Nf3 d6 3. Bb5+ Bd7 4. Bxd7+ Qxd7 5. O-O Nf6 6. Re1 Nc6 7. c3 e6 8. d4 cxd4 9. cxd4 d5 10. e5 Ne4 11. Nbd2 Nxd2 12. Bxd2 Bb4 13. Rc1 Bxd2 14. Qxd2 O-O 15. Rc3 Rac8 16. a3 Ne7 17. Rec1 Rxc3 18. Rxc3 Rc8 19. h3 h6 20. Qc2 Rxc3 21. Qxc3 Qc6 22. Qxc6 Nxc6 23. Kf1 Kh7 24. Ke2 Kg6 25. Ke3 h5 26. b4 b5 27. Ne1 Kf5 28. Nc2 g5 29. Kf3 h4 30. Ne3+ Kg6 31. Nc2 Kh5 32. Ke3 Ne7 33. Kf3 Nc8 34. g4+ hxg3 35. fxg3 g4+ 36. hxg4+ Kg5 37. Ne1 Nb6 38. Nc2 Nc4 39. Kf2 Kxg4 40. Kg2 a6 41. Kf2 Nd2 42. Ke2 Nc4 43. Kf2 a5 44. bxa5 Nxa5 45. Ne3+ Kg5 46. Kf3 Nc4 47. Nc2 Kf5 48. Ne3+ Kg5 49. Nc2 Kf5 50. Ne3+ Kg5 1/2-1/2

[Event "Turkish Super League 2019"]
[Site "Konya"]
[Date "2019.07.17"]
[Round "1"]
[White "Eren, Ataberk"]
[Black "Ozer, Omer Faruk"]
[Result "1-0"]
[ECO "E90"]
[WhiteElo "2295"]
[BlackElo "2369"]
[Annotator "NA"]
[PlyCount "113"]
[EventDate "2019.07.17"]
[EventType "team-tourn"]
[EventCountry "TUR"]
[SourceTitle "playchess.com"]
[Source "ChessBase"]
[SourceQuality "1"]
[TimeControl "40/5400+30:1800+30"]

1. d4 Nf6 2. c4 c5 3. d5 g6 4. Nc3 Bg7 5. e4 d6 6. Bd3 O-O 7. Nf3 e5 8. O-O Nh5 9. Re1 h6 10. a3 Nf4 11. Bf1 g5 12. h3 a6 13. Rb1 f5 14. Bxf4 exf4 15. exf5 Bxf5 16. Bd3 Nd7 17. Bxf5 Rxf5 18. Qc2 Rf7 19. Ne4 Nf8 20. b4 cxb4 21. axb4 a5 22. bxa5 Rxa5 23. Qb3 Qd7 24. Qb4 Ra4 25. Qb3 Ra5 26. Nfd2 Bd4 27. Qb4 Ra6 28. Nf3 Rb6 29. Qa3 Rxb1 30. Rxb1 Be5 31. Rb6 Qc7 32. Qb4 Qe7 33. Nxd6 Bxd6 34. Qxd6 Qxd6 35. Rxd6 Rc7 36. Ne5 Kg7 37. h4 Re7 38. Nf3 g4 39. Nd4 Re1+ 40. Kh2 Rc1 41. Nf5+ Kh7 42. Rxh6+ Kg8 43. Rb6 Nd7 44. Rg6+ Kh8 45. Rxg4 Rxc4 46. Nd6 Rb4 47. Nf7+ Kh7 48. h5 Nf6 49. Rg5 f3 50. d6 fxg2 51. h6 Ng4+ 52. Kxg2 Nxh6 53. Nxh6 Kxh6 54. Rd5 Rg4+ 55. Kf3 Rg8 56. d7 Rd8 57. Ke4 1-0

[Event "Turkish Super League 2019"]
[Site "Konya"]
[Date "2019.07.17"]
[Round "1"]
[White "Yildiz Kadioglu, Betul Cemre"]
[Black "Daulyte-Cornette, Deimante"]
[Result "1/2-1/2"]
[ECO "E48"]
[WhiteElo "2290"]
[BlackElo "2444"]
[Annotator "NA"]
[PlyCount "88"]
[EventDate "2019.07.17"]
[EventType "team-tourn"]
[EventCountry "TUR"]
[SourceTitle "playchess.com"]
[Source "ChessBase"]
[SourceQuality "1"]
[TimeControl "40/5400+30:1800+30"]

1. d4 Nf6 2. c4 e6 3. Nc3 Bb4 4. e3 O-O 5. Bd3 d5 6. Nge2 dxc4 7. Bxc4 e5 8. a3 Bd6 9. O-O Nc6 10. d5 Ne7 11. e4 Ng6 12. f3 Bc5+ 13. Kh1 a5 14. Qd3 Ne8 15. Be3 Bxe3 16. Qxe3 Nd6 17. Bd3 f5 18. Nb5 Nxb5 19. Bxb5 Bd7 20. Bc4 Kh8 21. exf5 Bxf5 22. Ng3 Qd6 23. Rac1 Nf4 24. Rfe1 Rae8 25. Qa7 Bd3 26. Qxa5 Bxc4 27. Rxc4 Nxd5 28. Ne4 Qe6 29. Ng5 Qd7 30. Rce4 Rf5 31. Nh3 h6 32. Qd2 Qd6 33. Qc2 Qd7 34. Nf2 Nf6 35. Rc4 c6 36. Ne4 Nxe4 37. Rcxe4 Rf4 38. Qe2 Rxe4 39. Qxe4 Qd5 40. h3 Qxe4 41. Rxe4 Kg8 42. f4 Kf7 43. Kg1 exf4 44. Rxf4+ Kg6 1/2-1/2

[Event "Turkish Super League 2019"]
[Site "Konya"]
[Date "2019.07.17"]
[Round "1"]
[White "Keler, Faruk"]
[Black "Ozen, Deniz"]
[Result "1/2-1/2"]
[ECO "A07"]
[WhiteElo "2263"]
[BlackElo "2430"]
[Annotator "NA"]
[PlyCount "51"]
[EventDate "2019.07.17"]
[EventType "team-tourn"]
[EventCountry "TUR"]
[SourceTitle "playchess.com"]
[Source "ChessBase"]
[SourceQuality "1"]
[TimeControl "40/5400+30:1800+30"]

1. Nf3 Nf6 2. g3 d5 3. Bg2 c6 4. O-O Bg4 5. h3 Bxf3 6. Bxf3 e6 7. d4 Nbd7 8. Nd2 Be7 9. e4 dxe4 10. Nxe4 Nxe4 11. Bxe4 Nf6 12. Bg2 O-O 13. c3 h6 14. Re1 Qc7 15. Qf3 Rad8 16. h4 Rd7 17. b4 a5 18. a3 Ra8 19. Bf4 Qd8 20. Bh3 Nd5 21. Bd2 Bf6 22. Qg4 Kf8 23. Qe4 Kg8 24. Qg4 Kf8 25. Qe4 Kg8 26. Qg4 1/2-1/2

[Event "Turkish Super League 2019"]
[Site "Konya"]
[Date "2019.07.17"]
[Round "1"]
[White "Akdogan, Alperen"]
[Black "Kamer, Kayra"]
[Result "1-0"]
[ECO "E92"]
[WhiteElo "2193"]
[BlackElo "2340"]
[Annotator "NA"]
[PlyCount "91"]
[EventDate "2019.07.17"]
[EventType "team-tourn"]
[EventCountry "TUR"]
[SourceTitle "playchess.com"]
[Source "ChessBase"]
[SourceQuality "1"]
[TimeControl "40/5400+30:1800+30"]

1. d4 Nf6 2. Nf3 g6 3. c4 Bg7 4. Nc3 O-O 5. e4 d6 6. h3 e5 7. d5 a5 8. Bg5 Na6 9. Be2 Qe8 10. Nd2 Nd7 11. a3 Nb6 12. b3 Bd7 13. O-O Nc5 14. Be3 f5 15. f3 f4 16. Bf2 g5 17. Qc2 h5 18. b4 axb4 19. axb4 Nca4 20. c5 Nxc3 21. Qxc3 Na4 22. Qd3 Qg6 23. c6 bxc6 24. dxc6 Be6 25. Qc2 g4 26. hxg4 hxg4 27. fxg4 Nb6 28. Bxb6 cxb6 29. c7 Rxa1 30. Rxa1 Kh7 31. Nf3 Qxg4 32. Nd4 f3 33. Bxf3 Qg6 34. Nxe6 Qxe6 35. Rc1 Rc8 36. Qc6 Bh6 37. Rc3 Bd2 38. Rc4 b5 39. Qxb5 Ra8 40. c8=Q Ra1+ 41. Kf2 Be3+ 42. Ke2 Ra2+ 43. Kd3 Rd2+ 44. Kc3 Qh6 45. Qbd7+ Kg6 46. Qg8+ 1-0

[Event "Turkish Super League 2019"]
[Site "Konya"]
[Date "2019.07.17"]
[Round "1"]
[White "Ozkan, Ervin"]
[Black "Dogan, Nazmi Can"]
[Result "1/2-1/2"]
[ECO "A41"]
[WhiteElo "2175"]
[BlackElo "2276"]
[Annotator "NA"]
[PlyCount "101"]
[EventDate "2019.07.17"]
[EventType "team-tourn"]
[EventCountry "TUR"]
[SourceTitle "playchess.com"]
[Source "ChessBase"]
[SourceQuality "1"]
[TimeControl "40/5400+30:1800+30"]

1. d4 g6 2. Nf3 Bg7 3. Bf4 d6 4. e3 Nd7 5. h3 e5 6. Bh2 Ne7 7. dxe5 dxe5 8. Nc3 O-O 9. Bc4 Nf5 10. O-O Nd6 11. Bb3 Re8 12. Qe2 Nc5 13. Rfd1 Nxb3 14. axb3 f6 15. Nd2 Qe7 16. Nc4 Nxc4 17. Qxc4+ Be6 18. Qe2 a6 19. Nd5 Qf7 20. e4 Rad8 21. Ne3 Qe7 22. Nd5 Qf7 23. Ne3 Rd4 24. f3 Red8 25. Bg3 Rxd1+ 26. Rxd1 Rxd1+ 27. Nxd1 Qd7 28. Bf2 Kf7 29. Be3 Bf8 30. Nf2 a5 31. Nd3 b6 32. f4 exf4 33. Nxf4 Bd6 34. Nxe6 Qxe6 35. Qd3 Qe5 36. Bd4 Qh2+ 37. Kf1 Qf4+ 38. Ke2 Kg7 39. Qe3 Qh2 40. Qg5 Be5 41. Bxe5 Qxe5 42. Qxe5 fxe5 43. c3 Kf6 44. b4 axb4 45. cxb4 b5 46. g3 Kg5 47. Kf3 h6 48. Ke3 Kf6 49. Kd3 Ke6 50. g4 Kd6 51. h4 1/2-1/2

[Event "Turkish Super League 2019"]
[Site "Konya"]
[Date "2019.07.17"]
[Round "1"]
[White "Tezcan, Emre"]
[Black "Olcum, Ahmet"]
[Result "0-1"]
[ECO "B06"]
[WhiteElo "2082"]
[BlackElo "2271"]
[Annotator "NA"]
[PlyCount "69"]
[EventDate "2019.07.17"]
[EventType "team-tourn"]
[EventCountry "TUR"]
[SourceTitle "playchess.com"]
[Source "ChessBase"]
[SourceQuality "1"]
[TimeControl "40/5400+30:1800+30"]

1. e4 d6 2. d4 g6 3. Nf3 Bg7 4. Nc3 a6 5. a4 Nc6 6. d5 Na5 7. Be3 c5 8. dxc6 bxc6 9. Bd4 e5 10. Be3 Be6 11. Ng5 Bc4 12. Bxc4 Nxc4 13. Bc1 h6 14. Nf3 Nf6 15. O-O O-O 16. b3 Na5 17. Ba3 Nb7 18. Qd3 Qc7 19. Rad1 Rfd8 20. Qc4 Na5 21. Qe2 d5 22. exd5 Nxd5 23. Ne4 f5 24. Nc5 Re8 25. b4 Nc3 26. Qe3 Nxd1 27. Rxd1 Nc4 28. Qb3 Qf7 29. Bc1 Rad8 30. c3 e4 31. Nd4 e3 32. fxe3 Nxe3 33. Qxf7+ Kxf7 34. Bxe3 Rxe3 35. Rc1 0-1

[Event "Turkish Super League 2019"]
[Site "Konya"]
[Date "2019.07.17"]
[Round "1"]
[White "Dolgun, Can"]
[Black "Ali Marandi, Cemil Can"]
[Result "1/2-1/2"]
[ECO "C10"]
[WhiteElo "2064"]
[BlackElo "2527"]
[Annotator "ChessBase"]
[PlyCount "142"]
[EventDate "2019.07.17"]
[EventType "team-tourn"]
[EventCountry "TUR"]
[SourceTitle "playchess.com"]
[Source "ChessBase"]
[SourceQuality "1"]
[TimeControl "40/5400+30:1800+30"]

1. e4 e6 2. d4 d5 3. Nc3 Nc6 4. Nf3 Nf6 5. Bg5 Be7 6. e5 Ne4 7. Bxe7 Qxe7 8. a3 Bd7 9. Bd3 Ng5 10. Be2 Nxf3+ 11. Bxf3 f6 12. exf6 Qxf6 13. Ne2 O-O-O 14. Qd2 e5 15. Bxd5 Nxd4 16. Nxd4 exd4 17. O-O-O Bg4 18. f3 Rxd5 19. fxg4 Rhd8 20. Rhf1 Qe6 21. Qf4 Re5 22. Kb1 c5 23. h3 Rd7 24. Qf8+ Kc7 25. Rf5 g6 26. Rxe5 Qxe5 27. Rf1 Re7 28. Kc1 a6 29. Qf4 Qxf4+ 30. Rxf4 Kd6 31. Kd2 Kd5 32. h4 b5 33. Rf8 Re4 34. Rd8+ Kc6 35. Rc8+ Kb6 36. Rb8+ Kc7 37. Ra8 Rxg4 38. Ra7+ Kd6 39. Rxa6+ Kd5 40. Ra5 Rxg2+ 41. Kd1 Kc4 42. b3+ Kc3 43. Rxb5 Rd2+ 44. Ke1 Rxc2 45. Rxc5+ Kxb3 46. Rd5 Kc4 47. Rd7 h5 48. a4 Rh2 49. Rd6 Rxh4 50. Rxg6 Rh1+ 51. Kd2 h4 52. Rc6+ Kd5 53. Rh6 Ke4 54. a5 Rh2+ 55. Kc1 Kf4 56. a6 Kg5 57. a7 Ra2 58. Rh7 d3 59. Kd1 Kg4 60. Rg7+ Kf4 61. Rf7+ Kg5 62. Rh7 Kg4 63. Rg7+ Kf3 64. Rf7+ Ke3 65. Re7+ Kf2 66. Rf7+ Kg2 67. Rg7+ Kh2 68. Ke1 h3 69. Kd1 Kh1 70. Ke1 Re2+ 71. Kd1 Ra2 1/2-1/2

[Event "Turkish Super League 2019"]
[Site "Konya"]
[Date "2019.07.17"]
[Round "1"]
[White "Caglar, Ahmet Ata"]
[Black "Secer, Ata"]
[Result "1/2-1/2"]
[ECO "D12"]
[WhiteElo "2051"]
[BlackElo "2324"]
[Annotator "NA"]
[PlyCount "95"]
[EventDate "2019.07.17"]
[EventType "team-tourn"]
[EventCountry "TUR"]
[SourceTitle "playchess.com"]
[Source "ChessBase"]
[SourceQuality "1"]
[TimeControl "40/5400+30:1800+30"]

1. d4 d5 2. c4 c6 3. Nf3 Nf6 4. e3 Bf5 5. Nc3 e6 6. Nh4 Be4 7. f3 Bg6 8. Qb3 Qb6 9. Nxg6 hxg6 10. g3 Nbd7 11. Kf2 Qxb3 12. axb3 a6 13. Bd2 Bd6 14. cxd5 exd5 15. Bd3 O-O-O 16. Kg2 Kb8 17. e4 dxe4 18. fxe4 Nc5 19. dxc5 Bc7 20. Rad1 Rxd3 21. Bf4 Rxd1 22. Rxd1 Ng4 23. Rh1 Ne5 24. Rd1 Kc8 25. Na4 Rd8 26. Nb6+ Bxb6 27. Rxd8+ Kxd8 28. Bxe5 Bxc5 29. Bxg7 Ke7 30. Bc3 Ke6 31. Kf3 Be7 32. h4 c5 33. Kg2 b5 34. Kf3 Bd8 35. Ke3 a5 36. Kd3 f5 37. Ke3 Bc7 38. exf5+ Kxf5 39. Kf3 Ke6 40. g4 a4 41. bxa4 bxa4 42. Ke4 Bd8 43. h5 gxh5 44. gxh5 Bg5 45. Kd3 Kf5 46. Kc4 Bc1 47. Kxc5 Bxb2 48. Kd4 1/2-1/2

[Event "Turkish Super League 2019"]
[Site "Konya"]
[Date "2019.07.17"]
[Round "1"]
[White "Aydin, Hakan Arda"]
[Black "Tarlabasi, Emirhan"]
[Result "0-1"]
[ECO "C02"]
[WhiteElo "1956"]
[BlackElo "2352"]
[Annotator "NA"]
[PlyCount "58"]
[EventDate "2019.07.17"]
[EventType "team-tourn"]
[EventCountry "TUR"]
[SourceTitle "playchess.com"]
[Source "ChessBase"]
[SourceQuality "1"]
[TimeControl "40/5400+30:1800+30"]

1. e4 e6 2. d4 d5 3. e5 c5 4. c3 Nc6 5. Nf3 Bd7 6. Bd3 Qb6 7. Bc2 cxd4 8. cxd4 Nb4 9. Nc3 Nxc2+ 10. Qxc2 Ne7 11. O-O Nf5 12. Be3 Be7 13. Rac1 O-O 14. Kh1 Qa6 15. g4 Nxe3 16. fxe3 b5 17. a3 Qb7 18. h4 a5 19. Ng5 Bxg5 20. hxg5 b4 21. axb4 axb4 22. Nb1 Bb5 23. Rg1 Rac8 24. Qh2 Bd3 25. Nd2 b3 26. Kg2 Rc2 27. Rxc2 bxc2 28. b3 Qe7 29. Qf4 Qa3 0-1

[Event "Turkish Super League 2019"]
[Site "Konya"]
[Date "2019.07.17"]
[Round "1"]
[White "Ayan, Bengu Sena"]
[Black "Samani, Yamac"]
[Result "0-1"]
[ECO "A65"]
[WhiteElo "1885"]
[BlackElo "2266"]
[Annotator "NA"]
[PlyCount "64"]
[EventDate "2019.07.17"]
[EventType "team-tourn"]
[EventCountry "TUR"]
[SourceTitle "playchess.com"]
[Source "ChessBase"]
[SourceQuality "1"]
[TimeControl "40/5400+30:1800+30"]

1. d4 Nf6 2. c4 g6 3. f3 Bg7 4. e4 d6 5. Nc3 O-O 6. Be3 c5 7. d5 e6 8. Nge2 exd5 9. cxd5 Nbd7 10. Ng3 h5 11. Be2 h4 12. Nf1 Nh7 13. Qd2 Ne5 14. Bh6 f5 15. Bxg7 Kxg7 16. f4 Nf7 17. exf5 gxf5 18. O-O-O Re8 19. Rg1 Nf6 20. h3 Ne4 21. Qc2 Nxc3 22. Qxc3+ Qf6 23. Qd2 Re4 24. g4 fxg4 25. Bxg4 Kh8 26. Nh2 Qxf4 27. Rgf1 Qxd2+ 28. Rxd2 Bxg4 29. Nxg4 Ng5 30. Nf2 Rf8 31. Rg1 Rc4+ 32. Kd1 Nf3 0-1

[Event "Turkish Super League 2019"]
[Site "Konya"]
[Date "2019.07.18"]
[Round "2"]
[White "Rozum, Ivan"]
[Black "Selbes, Tarik"]
[Result "1-0"]
[ECO "A87"]
[WhiteElo "2583"]
[BlackElo "2342"]
[Annotator "ChessBase"]
[PlyCount "69"]
[EventDate "2019.07.17"]
[EventType "team-tourn"]
[EventCountry "TUR"]
[SourceTitle "playchess.com"]
[Source "ChessBase"]
[SourceQuality "1"]
[TimeControl "40/5400+30:1800+30"]

1. Nf3 d6 2. d4 f5 3. g3 Nf6 4. Bg2 g6 5. O-O Bg7 6. b3 O-O 7. Bb2 Qe8 8. c4 a5 9. Nc3 Bd7 10. a3 Na6 11. d5 Nc5 12. Nd4 c6 13. Qc2 e5 14. dxe6 Bxe6 15. Rad1 Bf7 16. Rfe1 Nfe4 17. Nxe4 Nxe4 18. Nf3 Bxb2 19. Qxb2 a4 20. bxa4 Qe7 21. Qb4 Ra6 22. Nd2 Nc5 23. a5 Rfa8 24. Qb1 Rxa5 25. e4 f4 26. gxf4 Rxa3 27. e5 Nd3 28. exd6 Qh4 29. Ne4 Nxf4 30. Qb2 Nxg2 31. Nf6+ Kf8 32. d7 Nxe1 33. d8=Q+ Rxd8 34. Rxd8+ Kg7 35. Ng4+ 1-0

[Event "Turkish Super League 2019"]
[Site "Konya"]
[Date "2019.07.18"]
[Round "2"]
[White "Mchedlishvili, Mikheil"]
[Black "Romanov, Evgeny"]
[Result "0-1"]
[ECO "A45"]
[WhiteElo "2571"]
[BlackElo "2582"]
[Annotator "ChessBase"]
[PlyCount "67"]
[EventDate "2019.07.17"]
[EventType "team-tourn"]
[EventCountry "TUR"]
[SourceTitle "playchess.com"]
[Source "ChessBase"]
[SourceQuality "1"]
[TimeControl "40/5400+30:1800+30"]

1. d4 Nf6 2. Bg5 Ne4 3. Bf4 c5 4. f3 Qa5+ 5. c3 Nf6 6. d5 d6 7. e4 g6 8. Nd2 Bg7 9. a4 O-O 10. Nc4 Qd8 11. Bd3 b6 12. Ne2 Ba6 13. O-O Nbd7 14. Ng3 Ne8 15. Qd2 Bxc4 16. Bxc4 a6 17. Bh6 Nc7 18. Bxg7 Kxg7 19. Be2 b5 20. b3 Rb8 21. a5 b4 22. c4 e5 23. dxe6 Nxe6 24. Qxd6 Nf6 25. Rfd1 Qxd6 26. Rxd6 Rfd8 27. Rxa6 Rd2 28. Rb6 Ra8 29. a6 Nd4 30. Bd1 Nd7 31. Rb7 Ne5 32. a7 Nd3 33. Nf1 Rxd1 34. Ra2 0-1

[Event "Turkish Super League 2019"]
[Site "Konya"]
[Date "2019.07.18"]
[Round "2"]
[White "Dastan, Muhammed Batuhan"]
[Black "Moiseenko, Vadim"]
[Result "1-0"]
[ECO "C55"]
[WhiteElo "2565"]
[BlackElo "2523"]
[Annotator "ChessBase"]
[PlyCount "77"]
[EventDate "2019.07.17"]
[EventType "team-tourn"]
[EventCountry "TUR"]
[SourceTitle "playchess.com"]
[Source "ChessBase"]
[SourceQuality "1"]
[TimeControl "40/5400+30:1800+30"]

1. e4 e5 2. Nf3 Nc6 3. Bc4 Nf6 4. d3 Be7 5. O-O O-O 6. h3 d6 7. a4 h6 8. Re1 Kh8 9. Nc3 Na5 10. Ba2 c5 11. Nd5 Nxd5 12. Bxd5 Be6 13. c3 Rc8 14. Bxe6 fxe6 15. Be3 b6 16. b4 cxb4 17. cxb4 Nc6 18. Qb3 d5 19. b5 Na5 20. Qa2 Qd6 21. Rac1 Nb7 22. Rxc8 Rxc8 23. exd5 exd5 24. d4 exd4 25. Bxd4 Rf8 26. Re5 Rd8 27. Qe2 Bf8 28. Re6 Qf4 29. g3 Qc1+ 30. Kg2 Nd6 31. Ne5 Kg8 32. Qf3 Qd2 33. Rxd6 Rxd6 34. Qf7+ Kh7 35. Nf3 Qc2 36. Qxf8 Rg6 37. Qf4 Qxa4 38. Qf5 Qxb5 39. h4 1-0

[Event "Turkish Super League 2019"]
[Site "Konya"]
[Date "2019.07.18"]
[Round "2"]
[White "Gholami, Aryan"]
[Black "Kerigan, Demre"]
[Result "1/2-1/2"]
[ECO "B06"]
[WhiteElo "2532"]
[BlackElo "2398"]
[Annotator "ChessBase"]
[PlyCount "83"]
[EventDate "2019.07.17"]
[EventType "team-tourn"]
[EventCountry "TUR"]
[SourceTitle "playchess.com"]
[Source "ChessBase"]
[SourceQuality "1"]
[TimeControl "40/5400+30:1800+30"]

1. d4 g6 2. e4 Bg7 3. Nc3 d6 4. Be3 a6 5. a4 Nf6 6. f3 O-O 7. Qd2 Nc6 8. Nge2 e5 9. d5 Ne7 10. Nd1 Ne8 11. g4 f5 12. gxf5 gxf5 13. Bg5 Nf6 14. Nf2 Qe8 15. Rg1 fxe4 16. fxe4 Ng6 17. Ng3 Nf4 18. Nd3 Kh8 19. Be2 Qg6 20. Bxf4 Nxe4 21. Qe3 exf4 22. Nxf4 Qg5 23. Ngh5 Qh4+ 24. Kd1 Qf2 25. Qxf2 Nxf2+ 26. Ke1 Be5 27. Kxf2 Bxf4 28. Nxf4 Rxf4+ 29. Ke3 Rf8 30. Raf1 Bf5 31. Kd2 Be4 32. c4 a5 33. Bh5 Bg6 34. Bxg6 hxg6 35. Rxf8+ Rxf8 36. Rxg6 Rf2+ 37. Kc3 Rxh2 38. Re6 Rh3+ 39. Kc2 Rh7 40. Re8+ Kg7 41. Re7+ Kg6 42. Re6+ 1/2-1/2

[Event "Turkish Super League 2019"]
[Site "Konya"]
[Date "2019.07.18"]
[Round "2"]
[White "Ali Marandi, Cemil Can"]
[Black "Soysal, Serkan"]
[Result "1-0"]
[ECO "D03"]
[WhiteElo "2527"]
[BlackElo "2431"]
[Annotator "ChessBase"]
[PlyCount "75"]
[EventDate "2019.07.17"]
[EventType "team-tourn"]
[EventCountry "TUR"]
[SourceTitle "playchess.com"]
[Source "ChessBase"]
[SourceQuality "1"]
[TimeControl "40/5400+30:1800+30"]

1. d4 Nf6 2. Bg5 d5 3. e3 c5 4. Nd2 Nc6 5. c3 cxd4 6. exd4 e6 7. Bd3 h6 8. Bh4 Bd6 9. Ngf3 O-O 10. O-O Be7 11. Re1 Nd7 12. Bxe7 Qxe7 13. Nf1 b6 14. Ne3 Nf6 15. Ne5 Nxe5 16. dxe5 Nd7 17. f4 Nc5 18. f5 Qg5 19. f6 Bb7 20. Bc2 gxf6 21. exf6 Rad8 22. Ng4 Ne4 23. Qf3 h5 24. Nf2 Nxf6 25. Nh3 Qh6 26. Re5 Kh8 27. Rg5 Rg8 28. Qf4 Rxg5 29. Nxg5 Kg7 30. Rf1 Rd7 31. Ba4 Re7 32. Qe5 Ba6 33. Rf3 Qg6 34. Bc2 Qh6 35. Rg3 Kh8 36. Qb8+ Ne8 37. Qxe8+ Rxe8 38. Nxf7# 1-0

[Event "Turkish Super League 2019"]
[Site "Konya"]
[Date "2019.07.18"]
[Round "2"]
[White "Iljiushenok, Ilia"]
[Black "Benidze, Davit"]
[Result "1/2-1/2"]
[ECO "C41"]
[WhiteElo "2520"]
[BlackElo "2469"]
[Annotator "ChessBase"]
[PlyCount "82"]
[EventDate "2019.07.17"]
[EventType "team-tourn"]
[EventCountry "TUR"]
[SourceTitle "playchess.com"]
[Source "ChessBase"]
[SourceQuality "1"]
[TimeControl "40/5400+30:1800+30"]

1. e4 d6 2. d4 Nf6 3. Nc3 e5 4. Nf3 Nbd7 5. Bc4 Be7 6. O-O O-O 7. Re1 c6 8. a4 h6 9. h3 Re8 10. a5 Bf8 11. dxe5 dxe5 12. Nh4 Nc5 13. Qf3 Be6 14. Rd1 Qc7 15. Bxe6 Rxe6 16. Nf5 Kh7 17. Be3 Ncd7 18. g4 Bc5 19. Kh1 Bxe3 20. fxe3 Nf8 21. Rd2 g6 22. Ng3 Rd8 23. Rf2 Kh8 24. h4 N8h7 25. Rg1 Qe7 26. Rh2 Ng8 27. Nf1 Red6 28. Qg3 R8d7 29. Rf2 Rf6 30. Rh2 Re6 31. Nd2 Qb4 32. Nb3 b5 33. axb6 axb6 34. g5 h5 35. Rf2 b5 36. Rgf1 Kg7 37. Qh3 Nf8 38. Kg1 Red6 39. Qg3 Re6 40. Qh3 Red6 41. Qg3 Re6 1/2-1/2

[Event "Turkish Super League 2019"]
[Site "Konya"]
[Date "2019.07.18"]
[Round "2"]
[White "Annaberdiev, Meilis"]
[Black "Asadli, Vugar"]
[Result "1/2-1/2"]
[ECO "A16"]
[WhiteElo "2515"]
[BlackElo "2502"]
[Annotator "ChessBase"]
[PlyCount "57"]
[EventDate "2019.07.17"]
[EventType "team-tourn"]
[EventCountry "TUR"]
[SourceTitle "playchess.com"]
[Source "ChessBase"]
[SourceQuality "1"]
[TimeControl "40/5400+30:1800+30"]

1. Nf3 Nf6 2. c4 g6 3. Nc3 d5 4. cxd5 Nxd5 5. e4 Nxc3 6. dxc3 Qxd1+ 7. Kxd1 f6 8. Kc2 e5 9. Bc4 Bd6 10. Be3 Ke7 11. Nd2 Nd7 12. b4 Rd8 13. h4 a5 14. a3 Nf8 15. Be2 axb4 16. axb4 Bd7 17. Nc4 Ne6 18. h5 g5 19. g3 Bc6 20. f3 b6 21. Nxd6 Kxd6 22. Kb2 Ke7 23. Rxa8 Rxa8 24. g4 Nf4 25. Bc4 Ng2 26. Bc1 Nf4 27. Be3 Ng2 28. Bc1 Nf4 29. Be3 1/2-1/2

[Event "Turkish Super League 2019"]
[Site "Konya"]
[Date "2019.07.18"]
[Round "2"]
[White "Esen, Baris"]
[Black "Saric, Ivan"]
[Result "1-0"]
[ECO "A30"]
[WhiteElo "2478"]
[BlackElo "2681"]
[Annotator "RC"]
[PlyCount "215"]
[EventDate "2019.07.17"]
[EventType "team-tourn"]
[EventCountry "TUR"]
[SourceTitle "playchess.com"]
[Source "ChessBase"]
[SourceQuality "1"]
[TimeControl "40/5400+30:1800+30"]

1. Nf3 c5 2. c4 Nc6 3. d4 cxd4 4. Nxd4 Qb6 5. Nc2 e6 6. e3 Nf6 7. Nc3 d5 8. cxd5 exd5 9. Be2 Bf5 10. O-O Rd8 11. b3 Bd6 12. Bb2 Bb8 13. Nb5 Ne4 14. Rc1 O-O 15. Ncd4 Nxd4 16. Nxd4 Qh6 17. g3 Bh3 18. Re1 f5 19. Bf1 f4 20. exf4 Bxf4 21. Bxh3 Qxh3 22. Rc2 Be5 23. f3 Bxd4+ 24. Qxd4 Nf6 25. Qxa7 Nh5 26. Qe3 Rd6 27. Ba3 Rg6 28. Qe7 Ra8 29. Bd6 h6 30. Qxb7 Rd8 31. Bc7 Rd7 32. Qc8+ Kh7 33. Re8 Re6 34. Qxd7 Re1+ 35. Rxe1 Qxd7 36. Be5 Qf5 37. Rf2 Qe6 38. Rfe2 Nf6 39. Bxf6 Qxf6 40. Kg2 Qc3 41. Rd1 d4 42. Red2 Qe3 43. b4 g5 44. Rd3 Qe2+ 45. Kg1 Qxa2 46. Rxd4 Qe2 47. Rd7+ Kg8 48. R7d3 Qb2 49. R1d2 Qxb4 50. Rd7 h5 51. Re2 Kf8 52. Rd5 Qb1+ 53. Kg2 Qc1 54. Rd4 Qc3 55. Rd5 Qc1 56. h4 gxh4 57. gxh4 Qc4 58. Rf5+ Kg7 59. Re4 Qc2+ 60. Kg3 Qc7+ 61. Ree5 Qc1 62. Rxh5 Qg1+ 63. Kf4 Qh2+ 64. Kf5 Qf2 65. Kf4 Qh2+ 66. Kf5 Qf2 67. Rg5+ Kf7 68. Kg4 Qg2+ 69. Kf4 Qh3 70. Ref5+ Ke7 71. Rg4 Qh2+ 72. Kg5 Qd2+ 73. Kg6 Qd6+ 74. Kg7 Qd3 75. Re4+ Kd8 76. h5 Qc3+ 77. Rf6 Qc7+ 78. Kg6 Qg3+ 79. Rg4 Qe5 80. h6 Qe8+ 81. Rf7 Qg8+ 82. Kf6 Qh8+ 83. Kf5 Ke8 84. Rf6 Qh7+ 85. Kg5 Qg8+ 86. Kh4 Qa2 87. Re4+ Kd7 88. Kg5 Qd5+ 89. Kg6 Qg8+ 90. Kh5 Qd5+ 91. Kg4 Qg8+ 92. Kf4 Qa2 93. Rfe6 Qh2+ 94. Kg5 Qg2+ 95. Kf6 Qxf3+ 96. Kg7 Qg2+ 97. Kh8 Qf3 98. Re7+ Kd8 99. Re8+ Kd7 100. R4e7+ Kd6 101. Rg7 Qc3 102. h7 Qb3 103. Ra8 Ke6 104. Ra6+ Kf5 105. Ra8 Qb4 106. Kg8 Qc4+ 107. Rf7+ Kg6 108. Raf8 1-0

[Event "Turkish Super League 2019"]
[Site "Konya"]
[Date "2019.07.18"]
[Round "2"]
[White "Daulyte-Cornette, Deimante"]
[Black "Dordzhieva, Dinara"]
[Result "1-0"]
[ECO "B51"]
[WhiteElo "2444"]
[BlackElo "2306"]
[Annotator "NA"]
[PlyCount "47"]
[EventDate "2019.07.17"]
[EventType "team-tourn"]
[EventCountry "TUR"]
[SourceTitle "playchess.com"]
[Source "ChessBase"]
[SourceQuality "1"]
[TimeControl "40/5400+30:1800+30"]

1. e4 c5 2. Nf3 d6 3. Bb5+ Nd7 4. d4 Ngf6 5. O-O a6 6. Bxd7+ Nxd7 7. Bg5 Qc7 8. Nc3 e6 9. Re1 f6 $16 (9... cxd4 $1 $11 {keeps the balance.} 10. Qxd4 (10. Nxd4 Ne5 $11) 10... f6) 10. Bh4 Be7 11. e5 cxd4 12. exd6 Qxd6 13. Nxd4 e5 14. Nf5 Qxd1 15. Raxd1 g5 16. Nd5 Bd8 17. Nd6+ Kf8 18. Bg3 Nc5 19. f3 Be7 20. Nb6 Bxd6 21. Rxd6 Ke7 22. Rd5 Rb8 23. Rxc5 Be6 24. Bxe5 1-0

[Event "Turkish Super League 2019"]
[Site "Konya"]
[Date "2019.07.18"]
[Round "2"]
[White "Ozen, Deniz"]
[Black "Tasdogen, Dincer"]
[Result "1/2-1/2"]
[ECO "B27"]
[WhiteElo "2430"]
[BlackElo "2310"]
[Annotator "NA"]
[PlyCount "60"]
[EventDate "2019.07.17"]
[EventType "team-tourn"]
[EventCountry "TUR"]
[SourceTitle "playchess.com"]
[Source "ChessBase"]
[SourceQuality "1"]
[TimeControl "40/5400+30:1800+30"]

1. e4 c5 2. Nf3 g6 3. c3 Bg7 4. d4 cxd4 5. cxd4 d5 6. exd5 Nf6 7. Bb5+ Nbd7 8. d6 exd6 9. Qe2+ Qe7 10. Qxe7+ Kxe7 11. O-O Rd8 12. Nc3 Nb6 13. h3 a6 14. Bd3 Bd7 $11 15. Re1+ Kf8 16. Ne4 Bc6 17. Nxf6 Bxf6 18. Bh6+ Bg7 19. Bxg7+ Kxg7 20. Nd2 Nd5 21. Be4 Rac8 22. Nc4 Nf6 23. Bxc6 Rxc6 24. Ne3 Rdc8 25. Rad1 h5 26. Kf1 Kf8 27. Ke2 Ke7 28. Kd3 Kd7 29. f3 b5 30. h4 R6c7 1/2-1/2